 Dungeon Crawl Stone Soup version 0.32-a0-42-ga30500b4d3 (webtiles) character file.

Game seed: 11412115778490030122

5929 Atlas the Thaumaturge (level 10, -10/68 HPs)
             Began as a Demonspawn Fire Elementalist on Jan 31, 2024.
             Was a Believer of Vehumet.
             Mangled by an orc warrior
             ... wielding a +0 halberd
              (16 damage)
             ... on level 9 of the Dungeon.
             The game lasted 00:13:08 (11647 turns).

Atlas the Thaumaturge (DsFE)                       Turns: 11647, Time: 00:13:09

Health: -10/68     AC: 14    Str:  8    XL:     10   Next: 54%
Magic:  32/32      EV: 13    Int: 20    God:    Vehumet [**....]
Gold:   477        SH:  0    Dex: 14    Spells: 20/27 levels left

rFire   . . .        s - +8 frozen axe "Frostbite" {freeze, freezing cloud, *Noise Fly rC+}
rCold   + . .        (shield currently unavailable)
rNeg    . . .        G - +1 steam dragon scales
rPois   .            x - +0 helmet
rElec   .            r - +0 cloak
rCorr   .            o - +1 pair of gloves
SInv    +            F - +0 pair of boots
Will    .....        (no amulet)
Stlth   ++           J - ring of see invisible
HPRegen 0.31/turn    E - ring of magical power
MPRegen 0.23/turn

%: no passive effects
@: mighty, marked, flying
A: thin metallic scales 1, powered by pain 2, demonic touch 1
a: Renounce Religion


You were on level 9 of the Dungeon.
You worshipped Vehumet.
Vehumet was pleased with you.
You visited 1 branch of the dungeon, and saw 10 of its levels.
You also visited: Bailey.

You collected 477 gold pieces.

Inventory:

Hand Weapons
 s - the +8 frozen axe "Frostbite" (weapon) {freeze, freezing cloud, *Noise Fly rC+}
   (You found it on level 2 of the Dungeon)

   rC+:       It protects you from cold.
   Fly:       It grants you flight.
   *Noise:    It may make a loud noise when swung.
Armour
 o - a +1 pair of gloves (worn)
 r - a +0 cloak (worn)
 x - a +0 helmet (worn)
 y - the +1 ring mail of the Bulwark {+Blink rF+}
   (You found it on level 4 of the Dungeon)

   rF+:       It protects you from fire.
   +Blink:    It lets you blink.
 C - a +0 buckler
 F - a +0 pair of boots (worn)
 G - +1 steam dragon scales (worn)
Jewellery
 w - a +6 ring of dexterity
 E - a ring of magical power (right hand)
 J - a ring of see invisible (left hand)
Wands
 k - a wand of paralysis (22)
 B - a wand of flame (37)
Scrolls
 a - 4 scrolls of brand weapon
 d - 5 scrolls of immolation
 f - 3 scrolls of silence
 i - 2 scrolls of poison
 j - 3 scrolls of blinking
 n - 2 scrolls of vulnerability
 p - a scroll of fog
 q - 5 scrolls of enchant armour
 t - 4 scrolls of teleportation
 u - 2 scrolls of revelation
 A - a scroll of fear
 H - a scroll of enchant weapon {unknown}
Potions
 b - a potion of magic
 c - 2 potions of curing
 e - 2 potions of lignification {unknown}
 g - a potion of might {unknown}
 h - 2 potions of invisibility {unknown}
 l - 3 potions of enlightenment
 m - a potion of brilliance {unknown}
 v - 2 potions of cancellation {unknown}
 z - a potion of heal wounds {unknown}
 D - a potion of degeneration {unknown}
 I - a potion of berserk rage {unknown}


   Skills:
 + Level 2.4 Fighting
 + Level 2.9 Axes
 + Level 3.5 Armour
 + Level 3.2 Dodging
 - Level 2.0 Stealth
 + Level 9.0 Spellcasting
 + Level 5.9 Conjurations
 + Level 8.8 Fire Magic


You had 20 spell levels left.
You knew the following spells:

 Your Spells              Type           Power      Damage    Failure   Level
a - Scorch                Fire           88%        2d8       1%          2
b - Foxfire               Conj/Fire      100%       2x1d9     1%          1
c - Flame Wave            Conj/Fire      38%        2d10      3%          4

Your spell library contained the following spells:

 Spells                   Type           Power      Damage    Failure   Level
 Momentum Strike          Conj/Tloc      40%        3d9       3%          2
 Inner Flame              Hex/Fire       26%        N/A       3%          3
 Volatile Blastmotes      Fire/Tloc      52%        2d14      3%          3
 Summon Blazeheart Golem  Fire/Summ      26%        N/A       12%         4
 Orb of Destruction       Conj           16%        9d7       99%         7
 Spellforged Servitor     Conj/Summ      10%        N/A       100%        7


Dungeon Overview and Level Annotations

Branches:
Dungeon (10/15)            Temple (0/1) D:7             Orc (0/2) D:10
 Bailey (visited)
   Lair: D:8-11

Altars:
Ashenzari
Okawaru
Qazlal
Vehumet
Xom


Innate Abilities, Weirdness & Mutations

You are partially covered in thin metallic scales. (AC +2)
You sometimes gain power by taking damage.
Your touch may inflict minor irresistible damage on your foes.


Message History

You slash the wolf! You freeze the wolf. The wolf bites you but does no damage.
The wolf closely misses you. The orc warrior completely misses you.
A yak comes into view.
The orc wizard barely misses you. The wolf misses you.
The orc warrior closely misses you. The wolf bites you!
The wolf attacks as it pursues you! The wolf closely misses you.
The orc warrior closely misses you. The orc wizard closely misses you.
An orc wizard comes into view. It is wielding a +0 dagger.
Unknown command.
You hit the orc warrior but do no damage.
You closely miss the orc wizard. You slash the wolf! You freeze the wolf.
You kill the wolf!
Vehumet accepts your kill.
The orc warrior is engulfed in freezing vapours.
The orc warrior hits you but does no damage.
A yak comes into view.
The orc warrior is engulfed in freezing vapours.
The orc warrior barely misses you.
Your Spellcasting skill increases to level 9!
Unknown command.
You barely miss the orc warrior.
The orc warrior is severely wounded.
You slash the yak! You freeze the yak. You hit the orc wizard.
You freeze the orc wizard.
You kill the orc wizard!
Vehumet accepts your kill.
You feel your power returning.
The orc warrior is engulfed in freezing vapours.
The orc warrior hits you with a +0 halberd!
A yak comes into view.
The orc wizard gestures wildly while chanting.
The orc wizard flickers and vanishes for a moment.
The yak gores you!
* * * LOW HITPOINT WARNING * * *
The yak gores you!
* * * LOW HITPOINT WARNING * * *
You focus on the pain.
You feel very mighty all of a sudden.
The orc warrior hits you with a +0 halberd!
You die...

... .# .. .# .## .# #.# .# .. ##
. ##.. ########.# #.##..#.##..
.##. #......### ##.#..##.#..##.#.
#......#..
....##....##....###......#.#
.##.#..##.#..##.#o#......#.#
.##..#.##..#.##Y@#...>...#.#
....##....##Y..Y###......#.#
#.##..#.##Yo#.##..#......#'#####
##.#.(##.#..##.#..#....##......#
....##....##....###....#.......##
.##.#..##.#..##.#.#....#.........
.##..#.##..#.##..##....#.......#.
....##....##....###....#.......#
#.##..#.##..#.##..##...........#.


You could see 4 yaks, an orc warrior and an orc wizard (invisible).

Vanquished Creatures
  Pikel (D:7)
  A gargoyle (D:10)
  Grinder (D:5)
  3 steam dragons
  Menkaure (D:5)
  12 orc warriors (Bailey)
  An ice beast (D:6)
  2 black bears
  14 centaurs
  An ogre (D:4)
  2 phantoms (D:5)
  A wolf (D:9)
  Blork the orc (D:4)
  2 gnoll sergeants
  3 scorpions (D:6)
  6 killer bees (D:8)
  A bombardier beetle (D:5)
  5 hounds
  A gnoll bouda (D:7)
  7 orc priests
  10 orc wizards
  2 iguanas
  13 gnolls
  6 adders
  2 shadow imps
  A white imp (D:6)
  2 ufetubi (D:7)
  3 ribbon worms
  5 dart slugs
  53 orcs
  4 bats
  5 endoplasms
  2 giant cockroaches
  5 goblins
  8 hobgoblins
  4 jackals
  6 ball pythons
  A frilled lizard (D:3)
  6 kobolds
  4 rats
208 creatures vanquished.

Vanquished Creatures (others)
  3 orcs
  977 foxfires
980 creatures vanquished.

Grand Total: 1188 creatures vanquished

Notes
Turn   | Place    | Note
-------+----------+-------------------------------------------
     0 | D:1      | Atlas the Demonspawn Fire Elementalist began the quest for
                  | the Orb.
     0 | D:1      | Reached XP level 1. HP: 13/13 MP: 3/3
   240 | D:1      | Gained mutation: Your touch may inflict minor irresistible
                  | damage on your foes. [demonic ancestry]
   240 | D:1      | Reached XP level 2. HP: 9/19 MP: 0/5
   319 | D:1      | Found a faded altar of an unknown god.
   905 | D:2      | Reached XP level 3. HP: 24/24 MP: 1/6
  1243 | D:2      | Learned a level 2 spell: Scorch
  1403 | D:2      | Found a shimmering altar of Xom.
  1420 | D:2      | Found the +8 frozen axe "Frostbite" {freeze, freezing
                  | cloud, *Noise Fly rC+}
  1763 | D:2      | Identified the +7 flail "Xicut" {freeze, rC+ Dex+4}
  2297 | D:3      | Gained mutation: You sometimes gain a little power by
                  | taking damage. [demonic ancestry]
  2297 | D:3      | Reached XP level 4. HP: 30/30 MP: 4/8
  2526 | D:3      | Reached skill level 3 in Spellcasting
  2995 | D:3      | Noticed a centaur
  3006 | D:3      | Killed a centaur
  3007 | D:3      | Reached XP level 5. HP: 29/35 MP: 0/10
  3213 | D:4      | Found an iron altar of Okawaru.
  3213 | D:4      | Found a stormy altar of Qazlal.
  3457 | D:4      | Noticed Blork the orc
  3465 | D:4      | Killed Blork the orc
  3466 | D:4      | Reached skill level 1 in Armour
  3466 | D:4      | Reached XP level 6. HP: 41/41 MP: 1/11
  3604 | D:4      | Reached skill level 1 in Axes
  3604 | D:4      | Reached skill level 4 in Spellcasting
  4068 | D:4      | Identified the +1 ring mail of the Bulwark {+Blink rF+}
  4311 | D:4      | Gained mutation: You sometimes gain power by taking damage.
                  | [demonic ancestry]
  4311 | D:4      | Reached XP level 7. HP: 46/46 MP: 9/13
  4504 | D:5      | Entered Level 5 of the Dungeon
  4693 | D:5      | Reached skill level 5 in Fire Magic
  5252 | D:5      | Noticed Grinder
  5261 | D:5      | Killed Grinder
  5262 | D:5      | Reached skill level 5 in Spellcasting
  5262 | D:5      | Reached XP level 8. HP: 28/53 MP: 2/15
  5377 | D:5      | Reached skill level 1 in Fighting
  5444 | D:5      | Noticed Menkaure
  5448 | D:5      | Killed Menkaure
  6372 | D:6      | Reached skill level 6 in Spellcasting
  7453 | D:6      | Learned a level 4 spell: Flame Wave
  7736 | D:7      | Gained mutation: You are partially covered in thin metallic
                  | scales. (AC +2) [demonic ancestry]
  7736 | D:7      | Reached XP level 9. HP: 59/59 MP: 9/19
  7898 | D:7      | Noticed Pikel
  7914 | D:7      | Killed Pikel
  7915 | D:7      | Reached skill level 7 in Spellcasting
  8116 | D:7      | Found a staircase to the Ecumenical Temple.
  8142 | D:7      | Found a radiant altar of Vehumet.
  8158 | D:7      | Became a worshipper of Vehumet
  8644 | D:7      | Found a broken altar of Ashenzari.
  9866 | D:9      | You are sucked into a shaft and drop 1 floor!
  9866 | D:10     | Entered Level 10 of the Dungeon
  9891 | D:10     | Noticed a gargoyle
  9915 | D:10     | Reached skill level 8 in Spellcasting
  9918 | D:10     | Killed a gargoyle
  9919 | D:10     | Reached XP level 10. HP: 21/67 MP: 22/22
  9942 | D:10     | Found a flagged portal.
 10058 | Bailey   | Entered a bailey
 10061 | Bailey   | Reached * piety under Vehumet
 10061 | Bailey   | Offered knowledge of Sting by Vehumet.
 10336 | Bailey   | Reached skill level 5 in Conjurations
 10952 | Bailey   | Offered knowledge of Momentum Strike by Vehumet.
 11117 | Bailey   | Reached ** piety under Vehumet
 11342 | Bailey   | Identified the +0 scale mail of Toesajext {Stlth+}
 11525 | D:10     | Found a staircase to the Orcish Mines.
 11647 | D:9      | Reached skill level 9 in Spellcasting
 11647 | D:9      | Mangled by an orc warrior

Illustrated notes

Levels and vault maps discovered:
D:1:      heliophobic_arrival_battle_scene, layout_basic,
          shapermc_ecumenical_altar_gd
D:2:      layout_basic, basic_altar, grunt_decor_cap
D:3:      layout_loops_ring, minmay_starry_boxes
D:4:      layout_loops_ring, nicolae_elyvilon_temple_path,
          gammafunk_temple_overflow_elements, uniq_blork_the_orc
D:5:      layout_basic, uniq_grinder, uniq_menkaure
D:6:      layout_basic, minmay_misc_feat_plants
D:7:      layout_layer_cave, nicolae_ashenzari_skybound, vehumet_crystals,
          minmay_temple_entry_nine_rooms, uniq_pikel
D:8:      layout_rooms
D:9:      layout_basic, amethyst_overflow_temple_binary,
          erik_lair_orcish_takeover, serial_shops, shop, nicolae_eternal_life
D:10:     layout_roguey [special_room_orc], orc_0_dummy, enter_bailey_3,
          hangedman_minor_magic

Skill      XL: |  1  2  3  4  5  6  7  8  9 10 |
---------------+-------------------------------+-----
Stealth        | 2 |  2.0
Fire Magic     | 3 4 5 6 8 |  8.8
Spellcasting   | 3 4 5 6 8 9 |  9.0
Conjurations   | 2 3 4 5 |  5.9
Dodging        | 2 3 |  3.2
Armour         | 1 2 3 |  3.5
Axes           | 1 2 |  2.9
Fighting       | 1 2 |  2.4

Action                     |  1- 3 |  4- 6 |  7- 9 | 10-12 || total
---------------------------+-------+-------+-------+-------++-------
  Melee: Unarmed           |    10 |       |       |       ||    10
         Short sword       |     5 |       |       |       ||     5
         Touch             |     2 |       |       |       ||     2
         Executioner's axe |     1 |    23 |    25 |    16 ||    65
   Cast: Foxfire           |    83 |    59 |   167 |   233 ||   542
         Scorch            |     6 |    22 |    85 |    15 ||   128
         Flame Wave        |       |       |     1 |       ||     1
  Evoke: Wand              |       |       |     1 |       ||     1
    Use: Scroll            |       |     9 |     6 |       ||    15
         Potion            |       |     1 |     1 |       ||     2
   Stab: Paralysed         |       |       |     2 |       ||     2
 Armour: Robe              |     4 |       |       |       ||     4
         Ring mail         |    13 |    73 |    80 |       ||   166
         Steam dragon scal |       |       |     9 |    96 ||   105
  Dodge: Dodged            |    19 |    23 |    58 |    75 ||   175

Table legend: (Time is in decaauts)
 A = Elapsed time spent in this place.
 B = Non-inter-level travel time spent in this place.
 C = Inter-level travel time spent in this place.
 D = Time resting spent in this place.
 E = Time spent auto-exploring this place.
 F = Levels seen in this place.
 G = Mean time per level.
                   A        B        C        D        E       F      G
               +--------+--------+--------+--------+--------+-----+--------+
         Total |  11696 |  11440 |    256 |   1084 |   8727 |  11 | 1063.3 |
       Dungeon |  10291 |  10035 |    256 |    902 |   7864 |  10 | 1029.1 |
        Bailey |   1404 |   1404 |      0 |    182 |    863 |   1 | 1404.0 |
               +--------+--------+--------+--------+--------+-----+--------+

Top non-repeatable levels by time:
     D:5: 1611 daAuts
     D:7: 1582 daAuts
     D:6: 1532 daAuts
  Bailey: 1404 daAuts
     D:4: 1345 daAuts
     D:3: 1246 daAuts
     D:2: 1056 daAuts
     D:1: 874 daAuts
     D:8: 573 daAuts
    D:10: 274 daAuts
     D:9: 195 daAuts
